 Dungeon Crawl Stone Soup version 0.27-a0-1290-g15d3ce7508 (webtiles) character file.

Game seed: 13577653155206942780

128 Glokmah the Magician (level 5, -2/58 HPs)
             Began as a Djinni Summoner on June 15, 2021.
             Was an Initiate of Makhleb.
             Slain by a kobold (3 damage)
             ... on level 4 of the Dungeon.
             The game lasted 00:07:58 (4873 turns).

Glokmah the Magician (Djinni Summoner)              Turns: 4873, Time: 00:07:59

Health: -2/58      AC:  5    Str:  8    XL:     5   Next: 33%
Gold:   71         EV: 12    Int: 16    God:    Makhleb [......] SH:  0 Dex: 14

rFire    + + +     SeeInvis .   a - +0 spear
rCold    x . .     Faith    .   (no shield)
rNeg     . . .     Spirit   .   e - +0 leather armour
rPois    ∞         Reflect  .   b - +0 helmet
rElec    .         Harm     .   l - +0 cloak
rCorr    .         Rampage  .   (no gloves)
Will     .....                  (boots unavailable)
Stlth    ..........             (no amulet)
HPRegen  0.19/turn              n - ring of protection from fire
MPRegen  0.00/turn              (no ring)

@: mighty, berserking, flying, very quick
A: sickness immunity, fire resistance 2, cold vulnerability 1, float, innate
caster, hp casting, extra vitality 1
a: Renounce Religion


You were on level 4 of the Dungeon.
You worshipped Makhleb.
Makhleb was noncommittal.
You visited 1 branch of the dungeon, and saw 4 of its levels.

You collected 71 gold pieces.

Inventory:

Hand Weapons
 a - a +0 spear (weapon)
Armour
 b - a +0 helmet (worn)
 e - a +0 leather armour (worn)
 l - a +0 cloak (worn)
 p - a +0 buckler
Jewellery
 n - a ring of protection from fire (left hand)
Wands
 q - a wand of polymorph (4)
Scrolls
 d - a scroll of fear {unknown}
 g - a scroll of immolation {unknown}
 h - a scroll of teleportation
 m - a scroll of noise {unknown}
 o - a scroll of acquirement {unknown}
Potions
 f - a potion of attraction


   Skills:
 * Level 2.4 Fighting
 * Level 1.7 Polearms
 + Level 2.9 Dodging
 - Level 1.5 Stealth
 * Level 0.0 Shields
 * Level 3.7 Spellcasting


You couldn't memorise any spells.
You knew the following spells:

 Your Spells              Type           Power      Damage    Failure   Level
a - Shock                 Conj/Air       56%        1d6       5%          1
b - Call Imp              Summ           14%        N/A       9%          2
c - Call Canine Familiar  Summ           14%        N/A       16%         3
d - Summon Guardian Gole  Hex/Summ       14%        N/A       16%         3
e - Summon Lightning Spi  Summ/Air       14%        N/A       47%         4
f - Summon Ice Beast      Ice/Summ       14%        N/A       47%         4
g - Summon Small Mammal   Summ           56%        N/A       5%          1
h - Blink                 Tloc           N/A        N/A       9%          2
Your spell library was empty.

Dungeon Overview and Level Annotations

Branches:
Dungeon (4/15)
 Temple: D:4-7

Altars:
Makhleb
Okawaru


Innate Abilities, Weirdness & Mutations

You are immune to sickness and miasma.
You are immune to poison.
Your flesh is very heat resistant. (rF++)
You are vulnerable to cold. (rC-)
You float through the air rather than walking.
You learn spells naturally, not from books.
Your magical power is your life essence.
You have superior vitality. (+4 HP)


Message History

* * * LOW HITPOINT WARNING * * *
The centaur skeleton hits your hound.
The centaur skeleton barely misses your hound.
The bullfrog skeleton closely misses you.
Your hound bites the centaur skeleton.
The kobold hits you but does no damage.
Casting: Call Imp (safe; 9% risk of failure)
Confirm with . or Enter, or press ? or * to list all spells.
A beastly little devil appears in a puff of flame.
* * * LOW HITPOINT WARNING * * *
The centaur skeleton closely misses your hound. x2
Your hound bites the centaur skeleton.
The bullfrog skeleton barely misses you.
The kobold closely misses you.
Your hound bites the centaur skeleton.
The bullfrog skeleton hits you.
* * * LOW HITPOINT WARNING * * *
The centaur skeleton hits your hound.
The centaur skeleton kicks your hound but does no damage.
Unknown command.
Your iron imp barely misses the kobold.
Your crimson imp hits the bullfrog skeleton.
It was a potion of might.
You feel very mighty all of a sudden.
Your hound bites the centaur skeleton.
The centaur skeleton completely misses your hound.
The centaur skeleton kicks your hound but does no damage.
The bullfrog skeleton completely misses you.
Your crimson imp hits the bullfrog skeleton.
The kobold hits you but does no damage.
It was a potion of berserk rage.
A red film seems to cover your vision as you go berserk!
You feel yourself moving faster!
You feel mighty!
Your hound bites the centaur skeleton.
The centaur skeleton barely misses your hound.
The centaur skeleton misses your hound. The bullfrog skeleton hits you.
* * * LOW HITPOINT WARNING * * *
Your hound bites the centaur skeleton.
Your iron imp closely misses the kobold.
Your crimson imp hits the bullfrog skeleton.
The kobold hits you with a +0 dagger.
You die...

..
#...†.....#...........#..
.. ##..##...##............
..#.##..###.........#......
#.......##...#....#
#........#.###.... .
............####.## ...
#.#........##.#...##.... #
#...........5K........
#...........Z.Z@.#...
.........)..h#5.....#
..##......##........#
#.....$.............
#...........##.......
............. .......
....................
#####.. ...#...


You could see a kobold (ally target), a bullfrog skeleton (ally target), a
centaur skeleton (ally target), a friendly hound (summoned), a friendly iron imp
(summoned) and a friendly crimson imp (summoned).

Vanquished Creatures
  An iguana (D:3)
  3 adders
  A dart slug (D:3)
  2 endoplasms (D:2)
  A giant cockroach (D:3)
  3 hobgoblins
  8 jackals (D:2)
  3 kobolds
  2 quokkas
  3 ball pythons
  4 bats
  3 frilled lizards (D:2)
  4 goblins (D:2)
  3 rats
41 creatures vanquished.

Vanquished Creatures (collateral kills)
  An adder (D:2)
  A worm (D:2)
  5 endoplasms
  3 giant cockroaches (D:1)
  2 hobgoblins (D:1)
  2 quokkas
  11 ball pythons (D:1)
  2 bats (D:2)
  2 frilled lizards (D:1)
  4 kobolds
  3 rats (D:1)
36 creatures vanquished.

Grand Total: 77 creatures vanquished

Notes
Turn   | Place    | Note
-------+----------+-------------------------------------------
     0 | D:1      | Glokmah the Djinni Summoner began the quest for the Orb.
     0 | D:1      | Reached XP level 1. HP: 15/15 MP: 0/0
   651 | D:1      | Reached XP level 2. HP: 14/22 MP: 0/0
  1445 | D:1      | Reached skill level 1 in Fighting
  2163 | D:1      | Reached XP level 3. HP: 21/27 MP: 0/0
  2163 | D:1      | Learned a level 1 spell: Shock
  2653 | D:2      | Noticed a nameless horror
  2674 | D:2      | Reached skill level 1 in Polearms
  3689 | D:2      | Reached XP level 4. HP: 25/33 MP: 0/0
  3838 | D:2      | Found a faded altar of an unknown god.
  4606 | D:3      | Reached XP level 5. HP: 38/38 MP: 0/0
  4606 | D:3      | Learned a level 2 spell: Blink
  4817 | D:3      | Noticed an ogre
  4819 | D:3      | Noticed a nameless horror
  4833 | D:4      | Found an iron altar of Okawaru.
  4833 | D:4      | Found a burning altar of Makhleb.
  4835 | D:4      | Noticed an ogre
  4843 | D:4      | Became a worshipper of Makhleb the Destroyer
  4873 | D:4      | HP: 1/58 [bullfrog skeleton (3)]
  4873 | D:4      | Slain by a kobold

Illustrated notes

Levels and vault maps discovered:
D:1:      dpeg_arrival_erosion, layout_basic, minmay_misc_feat_encased
D:2:      layout_basic, hellmonk_ecumenical_altar_dog_temple, hex_intersection,
          nrook_campfire, kennysheep_nondescript, minmay_misc_feat_columns
D:3:      minmay_inner_zag, layout_rooms, nicolae_ru_the_path_less_chosen,
          amcnicky_altar_gilded, nicolae_wu_jian_immortal_techniques
D:4:      layout_cave_pools, nicolae_overflow_hidden_temple,
          grunt_temple_overflow_open, minmay_misc_feat_square

Skill      XL: |  1  2  3  4 |
---------------+-------------+-----
Fighting       | 1 2 |  2.4
Polearms       | 1 |  1.7
Dodging        | |  2.9
Stealth        | |  1.5
Spellcasting   | |  3.7

Action                   |  1- 3 |  4- 6 || total
-------------------------+-------+-------++-------
Melee: Unarmed           |    31 |       ||    31
       Dagger            |    16 |       ||    16
       Spear             |       |     9 ||     9
 Cast: Summon Small Mamm |    17 |       ||    17
       Call Imp          |    42 |     5 ||    47
       Shock             |    30 |    44 ||    74
       Call Canine Famil |     4 |     2 ||     6
       Blink             |       |     3 ||     3
  Use: Potion            |       |     5 ||     5
       Scroll            |       |     1 ||     1
 Stab: Sleeping          |       |     1 ||     1
Armor: Robe              |     4 |       ||     4
       Leather armour    |    28 |    23 ||    51
Dodge: Dodged            |    41 |    48 ||    89

Table legend: (Time is in decaauts)
 A = Elapsed time spent in this place.
 B = Non-inter-level travel time spent in this place.
 C = Inter-level travel time spent in this place.
 D = Time resting spent in this place.
 E = Time spent auto-exploring this place.
 F = Levels seen in this place.
 G = Mean time per level.
                   A        B        C        D        E       F      G
               +--------+--------+--------+--------+--------+-----+--------+
         Total |   4874 |   4739 |    135 |    579 |   3525 |   4 | 1218.5 |
       Dungeon |   4874 |   4739 |    135 |    579 |   3525 |   4 | 1218.5 |
               +--------+--------+--------+--------+--------+-----+--------+

Top non-repeatable levels by time:
     D:1: 2500 daAuts
     D:2: 1857 daAuts
     D:3: 471 daAuts
     D:4: 44 daAuts
